 Dungeon Crawl Stone Soup version 0.17-a0-1562-g9b2c768 (webtiles) character file.

114 Pandaemon the Skirmisher (level 4, 0/40 HPs)
             Began as a Draconian Berserker on July 21, 2015.
             Was a Priest of Trog.
             Slain by Natasha (1 damage)
             ... on level 3 of the Dungeon.
             The game lasted 00:07:18 (2006 turns).

Pandaemon the Skirmisher (Draconian Berserker)      Turns: 2006, Time: 00:07:18

Health: 0/40       AC:  6    Str: 20    XL:     4   Next: 66%
Magic:  4/4        EV: 13    Int:  7    God:    Trog [***...]
Gold:   116        SH:  0    Dex: 11    Spells: 0 memorised, 3 levels left

rFire  . . .     SeeInvis .     a - +0 hand axe
rCold  . . .     Clarity  .     (armour unavailable)
rNeg   . . .     SustAt   .     (no shield)
rPois  .         Gourm    .     (helmet restricted)
rElec  .         Spirit   .     (no cloak)
rCorr  .         Warding  .     n - +0 pair of gloves
rMut   .         Stasis   .     (no boots)
MR     .....                    (no amulet)
Stlth  +.........               (no ring)
                                (no ring)

@: not resistant to hostile enchantments, very unstealthy
A: unfitting armour, cold-blooded, AC +5
a: Burn Spellbooks, Berserk, Trog's Hand, Renounce Religion


You were on level 3 of the Dungeon.
You worshipped Trog.
Trog was most pleased with you.
You were near starving.

You visited 1 branch of the dungeon, and saw 3 of its levels.

You collected 116 gold pieces.

Inventory:

Hand weapons
 a - a +0 hand axe (weapon)
Armour
 n - a +0 pair of gloves (worn)
Jewellery
 j - an uncursed ring of stealth
Scrolls
 d - a scroll of noise {unknown}
 e - a scroll of remove curse
 g - 2 scrolls of identify
Potions
 f - 2 potions of flight
 m - a potion of brilliance
Comestibles
 b - 3 bread rations
 h - a chunk of flesh
 o - a beef jerky


   Skills:
 + Level 4.2 Fighting
 + Level 3.5 Axes
 + Level 3.9 Dodging
 + Level 1.0 Stealth


You had 3 spell levels left.
You didn't know any spells.

Dungeon Overview and Level Annotations

Branches:
Dungeon (3/15)

Altars:
Nemelex Xobeh
Qazlal

Annotations:
D:2 2 exclusions
D:3 Natasha


Innate Abilities, Weirdness & Mutations

Your plain brown scales are hard (AC +5).
Your body does not fit into most forms of armour.
You are cold-blooded and may be slowed by cold attacks.


Message History

The orc closely misses you. The orc barely misses you.
It was a potion of resistance.
You feel protected.
You feel yourself speed up. The orc barely misses you.
You feel less exhausted.
You are starting to lose your buoyancy.
You float gracefully downwards.
You start to feel less resistant.
Natasha, Servant of Life and Death comes into view.
Natasha hisses angrily.
Things that are here:
a club; a hobgoblin corpse Your resistance to elements expires.
Natasha claws you.
* * * LOW HITPOINT WARNING * * *
Natasha howls an incantation.
Natasha glows brightly for a moment.
You feel a little less clever now. Natasha claws you.
You die...

.#.###### #. .#####.#.. .#.#..
##.### #.#.. .#.#.# #.#.....
#.##. ##.#.# #.#....# #######.##.
##o#.# #.#.##.#####.......##.
##.#.#######.#.##.....#.########.
##.#.##........#............... .
##.#......##...#.#....#........
.......)...#...#@#.############
......#.#..#...#h#.#####
...##.........†#.#.....###
...##.....<.#..#o#.........
...##.......#†.#.#.########
...##........o.)...#
.#.##............#.#
.#.######+#######..# .....


You could see Natasha and an orc.

Vanquished Creatures
  Natasha (D:3)
  2 adders
  2 worms (D:2)
  2 orcs (D:3)
  8 hobgoblins
  3 jackals (D:1)
  8 kobolds
  A quokka (D:2)
  10 bats
  5 giant cockroaches
  3 giant geckos (D:1)
  3 giant newts
  7 goblins
  8 rats
63 creatures vanquished.

Notes
Turn   | Place    | Note
--------------------------------------------------------------
     0 | D:1      | Pandaemon the Draconian Berserker began the quest for the Orb.
     0 | D:1      | Reached XP level 1. HP: 19/19 MP: 1/1
   373 | D:1      | Reached XP level 2. HP: 20/26 MP: 2/2
   611 | D:1      | Found a sparkling altar of Nemelex Xobeh.
   641 | D:1      | Acquired Trog's second power
  1026 | D:1      | Reached XP level 3. HP: 33/33 MP: 3/3
  1326 | D:2      | Reached skill level 4 in Fighting
  1631 | D:2      | Reached XP level 4. HP: 32/40 MP: 4/4
  1913 | D:3      | Found a stormy altar of Qazlal.
  1943 | D:3      | Noticed Natasha
  1952 | D:3      | Killed Natasha
  1962 | D:3      | Reached skill level 1 in Stealth
  1963 | D:3      | HP: 1/40 [orc/morningstar (11)]
  1999 | D:3      | Noticed Natasha
  2002 | D:3      | HP: 1/40 [Natasha (5)]
  2006 | D:3      | Slain by Natasha

Vault maps used:
D:1:      dpeg_arrival_castle, nemelex_xobeh_ov_fountains_minmay
D:2:      first_bread, minmay_misc_feat_secret_circle
D:3:      lemuel_crystal_altar, nicolae_overflow_crystal_walls,
          grunt_ministairs_3, kennysheep_potato, uniq_natasha

Action                   |  1- 3 |  4- 6 || total
-------------------------+-------+-------++-------
Melee: Hand axe          |   152 |    23 ||   175
Invok: Berserk           |       |     1 ||     1
  Use: Scroll            |     7 |       ||     7
       Potion            |       |     3 ||     3
 Stab: Sleeping          |     2 |     1 ||     3
  Eat: Chunk             |     2 |     1 ||     3
